[Event "ICC tourney 2171 (3 2)"]
[Site "Internet Chess Club"]
[Date "2020.12.04"]
[Round "5"]
[White "python0812"]
[Black "CaptK"]
[Result "0-1"]
[ICCResult "White resigns"]
[WhiteElo "1530"]
[BlackElo "2134"]
[Opening "Sicilian: Prins (Moscow) variation"]
[ECO "B55"]
[NIC "SI.01"]
[Time "22:57:41"]
[TimeControl "180+2"]

1. e4 c5 2. Nf3 d6 3. d4 cxd4 4. Nxd4 Nf6 5. f3 Nc6 6. c4 g6 7. Nc3 Bg7 8.
Be3 O-O 9. Qd2 Nxd4 10. Bxd4 Be6 11. Rc1 a6 12. Be2 Rc8 13. b3 Qa5 14. Nd5
Qxd2+ 15. Kxd2 Bxd5 16. cxd5 Bh6+ 17. Be3 Bxe3+ 18. Kxe3 Nd7 19. f4 f5 20.
exf5 gxf5 21. g4 Nf6 22. Bf3 fxg4 23. Be4 h5 24. Bf5 Rxc1 25. Be6+ Kg7 26.
Rxc1 Ne8 27. Rc8 a5 28. Rb8 Nc7 29. Rxb7 Nxe6 30. Rxe7+ Rf7 31. Rxe6 Rd7 32.
f5 Rc7 33. Kf4 Rc2 34. Kg5 Rxh2 35. f6+ Kf7 36. Re7+ Kf8 37. Kg6 Rf2 38. Ra7
Ke8 39. f7+ Kd8 40. Kg7 g3 41. f8=Q+ Rxf8 42. Kxf8 h4 43. Ra8+ Kc7 44. Ra7+
Kb6 45. Rh7 g2 46. Rxh4 g1=Q 47. Rc4 Qf2+ 48. Ke7 Qxa2 49. Kxd6 Kb5 50. Rc5+
Kb4 51. Kc6 Qh2 52. Rb5+ Kc3 53. d6 Qg2+ 54. Kc7 Qg3 55. Kc6 Qf3+ 56. Kc7
Qf4 57. Rxa5 Kxb3 58. Rc5 Kb4 59. Rc6 Kb5 60. Rb6+ Kc5 61. Rc6+ Kd5 62. Ra6
Qc4+ 63. Kb7 Qb5+ 64. Rb6 Qd7+ 65. Ka6 Kc5 66. Ka5 Qd8 67. Ka4 Kxb6
{White resigns}
0-1

[Event "ICC tourney 2171 (3 2)"]
[Site "Internet Chess Club"]
[Date "2020.12.04"]
[Round "5"]
[White "Sricharan07"]
[Black "GrandPatzer5"]
[Result "1-0"]
[ICCResult "Black resigns"]
[WhiteElo "1538"]
[BlackElo "1880"]
[Opening "Petrov: Damiano variation"]
[ECO "C42"]
[NIC "RG.03"]
[Time "22:57:35"]
[TimeControl "180+2"]

1. e4 e5 2. Nf3 Nf6 3. Nxe5 Nxe4 4. Qe2 Qe7 5. Qxe4 d6 6. d4 dxe5 7. Qxe5
Qxe5+ 8. dxe5 Nc6 9. Nc3 Bf5 10. Bf4 O-O-O 11. Bc4 Nd4 12. Bb3 Bxc2 13. O-O
Bxb3 14. axb3 Bc5 15. b4 Bb6 16. Rad1 g5 17. Bxg5 Rde8 18. Bf6 Rhg8 19. Kh1
Nc6 20. Nd5 Nxe5 21. Ne7+ Rxe7 22. Bxe7 Ng4 23. Bc5 Re8 24. Bxb6 axb6 25. f3
Nf6 26. Rfe1 Rxe1+ 27. Rxe1 Nd5 28. Re4 Kd7 29. Rh4 Nf6 30. Rh6 Ke7 31. Rh4
b5 32. Kg1 b6 33. Kf2 c5 34. bxc5 bxc5 35. Ke2 Ke6 36. g4 c4 37. g5 Nd5 38.
Rxh7 b4 39. Rh8 Kd7 40. Rb8 b3 41. Rb5 Nf4+ 42. Kd2 Nd3 43. Kc3 Ne1 44. Kxc4
Nxf3 45. Rxb3 Nxh2 46. Rh3 Ng4 47. b4 Ne5+ 48. Kc5 Ke6 49. Re3 Kf5 50. Rxe5+
Kxe5 51. b5 Kf5 52. b6 Kxg5 53. b7 f5 54. b8=Q f4 55. Qb2 Kg4 56. Qf2 f3 57.
Kd4 Kf4 58. Kd3 Kg4 59. Ke3 {Black resigns} 1-0

[Event "ICC tourney 2171 (3 2)"]
[Site "Internet Chess Club"]
[Date "2020.12.04"]
[Round "5"]
[White "Aleksandrov73"]
[Black "JohnnyHop98"]
[Result "1/2-1/2"]
[ICCResult "Game drawn by mutual agreement"]
[WhiteElo "2183"]
[BlackElo "1750"]
[Opening "Budapest defense"]
[ECO "A52"]
[NIC "QG.01"]
[Time "22:58:19"]
[TimeControl "180+2"]

1. d4 Nf6 2. c4 e5 3. dxe5 Ng4 4. e3 h5 5. Nc3 Nc6 6. Nf3 Ngxe5 7. Be2 Nxf3+
8. Bxf3 Ne5 9. Be2 d6 10. O-O Be6 11. b3 g6 12. Bb2 Bg7 13. Qd2 O-O 14. Rad1
Qe7 15. Kh1 Rad8 16. Nd5 Bxd5 17. Qxd5 c6 18. Qd4 f5 19. h3 Bf6 20. Qd2 d5
21. cxd5 Rxd5 22. Qc2 Kg7 23. Rxd5 cxd5 24. Rd1 Rd8 25. Bd4 b6 26. Kg1 Qd6
27. Rc1 Rd7 28. Bb5 Re7 29. a4 Nd7 30. Qc6 Qxc6 31. Rxc6 Bxd4 32. exd4 Nf6
33. Kf1 Ne4 34. Rc2 Kf6 35. h4 Ke6 36. Bd3 Nd6 37. g3 Kd7 38. b4 Rf7 39. Kg2
f4 40. Bxg6 Rg7 41. Bd3 fxg3 42. fxg3 Rg4 43. Be2 Rxd4 44. Bxh5 Rxb4 45. Ra2
d4 46. Be2 Ne4 47. Bf3 Nc3 48. Rd2 Ke6 49. g4 Rxa4 50. Kg3 Ke5 51. h5 Rc4
52. h6 Kf6 53. Rh2 Rc8 54. Kf4 Kg6 55. g5 Rf8+ 56. Ke5 Rxf3 57. h7 Rf8 58.
h8=Q Rxh8 {Game drawn by mutual agreement} 1/2-1/2

[Event "ICC tourney 2171 (3 2)"]
[Site "Internet Chess Club"]
[Date "2020.12.04"]
[Round "5"]
[White "TheChessShark"]
[Black "chesswarriors12"]
[Result "0-1"]
[ICCResult "White resigns"]
[WhiteElo "1383"]
[BlackElo "1488"]
[Opening "Queen's pawn: stonewall attack"]
[ECO "D00"]
[NIC "QP.08"]
[Time "22:57:33"]
[TimeControl "180+2"]

1. d4 d5 2. e3 Nf6 3. Bd3 c5 4. c3 Nc6 5. f4 Bg4 6. Nf3 e6 7. Nbd2 cxd4 8.
exd4 Bd6 9. g3 Qc7 10. O-O h5 11. Qe1 O-O-O 12. Ne5 Bxe5 13. fxe5 Nd7 14.
Rxf7 Rhg8 15. b4 Rdf8 16. Qf1 Qd8 17. Bg6 Bf5 18. Rxf8 Rxf8 19. Bxf5 Rxf5
20. Qd3 h4 21. Nf1 Nf8 22. a4 Rh5 23. b5 Ne7 24. a5 Nf5 25. Bf4 Ng6 26. Ra2
Nxf4 27. gxf4 Qe8 28. c4 dxc4 29. Qxc4+ Kb8 30. Rc2 Rh8 31. Qc7+ Ka8 32. a6
bxa6 33. bxa6 Qb5 34. Qc6+ Qxc6 35. Rxc6 Nxd4 36. Rd6 Ne2+ 37. Kf2 Nxf4 38.
Rd7 Rg8 39. Ne3 Kb8 40. Rb7+ Ka8 41. Re7 Nd3+ 42. Ke2 Nxe5 43. Rxe6 Nd7 44.
Re7 Nc5 45. Nd5 Nxa6 46. Kf3 Kb8 47. Kg4 g5 48. Re5 Nc7 49. Nf6 Rg7 50. Rxg5
Rxg5+ 51. Kxg5 a5 52. Ne4 a4 53. Nc3 a3 54. Kxh4 Na6 55. Kg5 Nb4 56. h4 Nd5
57. Nxd5 a2 58. h5 a1=Q 59. h6 Qg1+ 60. Kf6 Qd4+ 61. Ke6 Qe4+ 62. Kd6 Qg6+
63. Ke5 Qxh6 64. Ne7 Qe3+ 65. Kf6 Qc3+ 66. Kf7 Qc7 67. Ke8 Kb7 68. Kf7 Qf4+
69. Ke6 Ka6 70. Nd5 Qc1 71. Kd6 Qd1 72. Kc5 Ka7 73. Kb4 Qh1 74. Nc7 Qb7+ 75.
Nb5+ Ka6 76. Kc3 Qxb5 77. Kd4 Qa5 78. Ke4 Qa4+ 79. Kf3 Qb3+ 80. Ke2 Qc3 81.
Kf2 Qd3 82. Ke1 Qc2 83. Kf1 Qd2 84. Kg1 Qe2 85. Kh1 Kb5 86. Kg1 Kc5
{White resigns}
0-1

[Event "ICC tourney 2171 (3 2)"]
[Site "Internet Chess Club"]
[Date "2020.12.04"]
[Round "6"]
[White "chesswarriors12"]
[Black "python0812"]
[Result "0-1"]
[ICCResult "White resigns"]
[WhiteElo "1444"]
[BlackElo "1535"]
[Opening "Benoni: Uhlmann variation"]
[ECO "A61"]
[NIC "BI.25"]
[Time "23:10:48"]
[TimeControl "180+2"]

1. d4 Nf6 2. c4 e6 3. Nf3 c5 4. d5 exd5 5. cxd5 d6 6. Nc3 g6 7. Bg5 Bg7 8.
e3 O-O 9. Bd3 Nbd7 10. Qc2 Ne5 11. Nxe5 dxe5 12. Ne4 Qa5+ 13. Ke2 Nxe4 14.
Bxe4 f5 15. Bd3 e4 16. Bc4 b5 17. Bb3 c4 18. Bxc4 bxc4 19. Qxc4 Ba6 20. Qxa6
Qxa6+ {White resigns} 0-1

[Event "ICC tourney 2171 (3 2)"]
[Site "Internet Chess Club"]
[Date "2020.12.04"]
[Round "6"]
[White "GrandPatzer5"]
[Black "Kyle45"]
[Result "0-1"]
[ICCResult "White resigns"]
[WhiteElo "1850"]
[BlackElo "1430"]
[Opening "Sicilian: closed"]
[ECO "B24"]
[NIC "SI.44"]
[Time "23:10:41"]
[TimeControl "180+2"]

1. e4 c5 2. Nc3 Nc6 3. g3 e5 4. Bg2 Nf6 5. d3 Nd4 6. Nge2 b6 7. O-O Bb7 8.
Nxd4 cxd4 9. Nd5 Nxd5 10. exd5 d6 11. f4 f6 12. fxe5 dxe5 13. c4 dxc3 14.
bxc3 Bxd5 15. Qa4+ Kf7 16. Be3 Bxg2 17. Kxg2 Qd5+ 18. Kg1 Bc5 19. d4 exd4
20. cxd4 Bd6 21. Qd7+ Kg6 22. Rac1 Rhd8 23. Qg4+ Kf7 24. Rf5 Qe6 25. Ra1
Qxe3+ 26. Kg2 Re8 27. Raf1 Qe2+ 28. R1f2 Qxg4 {White resigns} 0-1

[Event "ICC tourney 2171 (3 2)"]
[Site "Internet Chess Club"]
[Date "2020.12.04"]
[Round "6"]
[White "Eraser007"]
[Black "yogokings12"]
[Result "1-0"]
[ICCResult "Black resigns"]
[WhiteElo "2054"]
[BlackElo "1515"]
[Opening "Sicilian"]
[ECO "B50"]
[NIC "SI.01"]
[Time "23:10:51"]
[TimeControl "180+2"]

1. e4 c5 2. Nf3 d6 3. c3 Nf6 4. h3 Bd7 5. Bd3 Nc6 6. Bc2 e5 7. O-O g6 8. Re1
Bg7 9. d4 cxd4 10. cxd4 O-O 11. Nc3 Nxd4 12. Nxd4 exd4 13. Qxd4 Bc6 14. Qd1
d5 15. e5 Nd7 16. f4 Nb6 17. b3 d4 18. Ne4 Nd5 19. Qxd4 Qa5 20. Bd2 Qb6 21.
Qxb6 axb6 22. Nd6 f6 23. b4 fxe5 24. fxe5 Rad8 25. b5 Bd7 26. Bb3 Be6 27.
Nxb7 Rd7 28. Nd6 Bxe5 29. Rxe5 Rxd6 30. Rxe6 Rxe6 31. Bxd5 {Black resigns}
1-0

[Event "ICC tourney 2171 (3 2)"]
[Site "Internet Chess Club"]
[Date "2020.12.04"]
[Round "6"]
[White "rishik99"]
[Black "clair"]
[Result "1-0"]
[ICCResult "Black checkmated"]
[WhiteElo "1243"]
[BlackElo "1189"]
[Opening "Robatsch (modern) defense"]
[ECO "B06"]
[NIC "KF.05"]
[Time "23:10:44"]
[TimeControl "180+2"]

1. e4 g6 2. d4 Bg7 3. Nf3 e6 4. Nc3 Ne7 5. Be3 b6 6. Qd2 h6 7. Bd3 Bb7 8.
Ne2 d5 9. e5 Nd7 10. Ng3 a6 11. a3 c5 12. c4 cxd4 13. Bxd4 Nc6 14. Bc3 Ncxe5
15. Nxe5 Bxe5 16. O-O Qc7 17. Rac1 O-O-O 18. cxd5 Bxd5 19. Bxe5 Nxe5 20.
Rxc7+ Kxc7 21. Rc1+ Bc4 22. Qc3 b5 23. Qxe5+ Kb7 24. Bxc4 bxc4 25. Qf4 g5
26. Qxf7+ Ka8 27. Qxe6 Rhe8 28. Qxa6+ Kb8 29. Qb5+ Ka8 30. Rxc4 Rd1+ 31. Nf1
Ree1 32. Ra4# {Black checkmated} 1-0

[Event "ICC tourney 2171 (3 2)"]
[Site "Internet Chess Club"]
[Date "2020.12.04"]
[Round "6"]
[White "PearsonH"]
[Black "needGodcom"]
[Result "0-1"]
[ICCResult "White resigns"]
[WhiteElo "1395"]
[BlackElo "1646"]
[Opening "Queen's pawn: London system"]
[ECO "A45"]
[NIC "QP.07"]
[Time "23:10:42"]
[TimeControl "180+2"]

1. d4 Nf6 2. Bf4 d5 3. e3 c6 4. c3 h6 5. Bd3 g5 6. Bg3 Bg7 7. h4 g4 8. Nd2
h5 9. e4 dxe4 10. Nxe4 Nxe4 11. Bxe4 Nd7 12. f3 Nf6 13. Bd3 Qb6 14. Qc2 Bd7
15. fxg4 Nxg4 16. Bf4 O-O-O 17. Nf3 f6 18. O-O-O e5 19. dxe5 fxe5 20. Bg5
Rde8 21. Rde1 Nf2 22. Rhf1 Nxd3+ 23. Qxd3 Bg4 24. Qd2 a6 25. Be3 Qa5 26. Kb1
Bf5+ 27. Ka1 Rd8 28. Qe2 Be6 29. a3 Qd5 30. c4 Qxc4 31. Qxc4 Bxc4 32. Rf2
Rd3 33. Bg5 e4 34. Nd2 Rxa3+ 35. Kb1 Bd3+ 36. Kc1 Ra1+ 37. Nb1 Rxb1+ 38. Kd2
Rxb2+ 39. Ke3 Bd4+ 40. Kxd4 Rxf2 41. Be3 Rxg2 42. Rc1 Rd8+ 43. Ke5 Rg3 44.
Bg5 Rd5+ 45. Kf4 Rg4+ 46. Ke3 Rgxg5 47. hxg5 Rxg5 48. Rh1 b5 49. Kf4 Rd5 50.
Ke3 a5 51. Ra1 a4 52. Kf4 Bc2 53. Ke3 b4 54. Rc1 b3 55. Rg1 a3 56. Rg8+ Kb7
57. Rg7+ Kb6 58. Rg1 b2 {White resigns} 0-1

[Event "ICC tourney 2171 (3 2)"]
[Site "Internet Chess Club"]
[Date "2020.12.04"]
[Round "6"]
[White "Pugnacious"]
[Black "coolsportsguy"]
[Result "0-1"]
[ICCResult "White resigns"]
[WhiteElo "1696"]
[BlackElo "1611"]
[Opening "Queen's pawn game"]
[ECO "D00"]
[NIC "QP.08"]
[Time "23:10:44"]
[TimeControl "180+2"]

1. d4 d5 2. e3 e6 3. Bd3 Nf6 4. Nd2 c5 5. c3 Bd6 6. f4 O-O 7. Ngf3 b6 8. O-O
Ba6 9. Qe2 Bxd3 10. Qxd3 Nbd7 11. Ne5 Qc8 12. Ndf3 Ne4 13. Bd2 f6 14. Nxd7
Qxd7 15. Be1 c4 16. Qe2 b5 17. Bg3 a5 18. Nd2 Nxd2 19. Qxd2 f5 20. b3 Rfc8
21. Rfc1 b4 22. cxb4 Bxb4 23. Qe2 Ba3 24. Rc2 c3 25. Qd3 Qc6 26. Be1 Bb2 27.
Rb1 a4 28. Rbxb2 cxb2 29. Rxc6 Rxc6 30. Bc3 Rxc3 31. Qxc3 b1=Q+ 32. Kf2
Qxa2+ 33. Kg3 Qxb3 34. Qc6 Qxe3+ 35. Kh4 Qxf4+ {White resigns} 0-1

[Event "ICC tourney 2171 (3 2)"]
[Site "Internet Chess Club"]
[Date "2020.12.04"]
[Round "6"]
[White "javasri"]
[Black "DrKnight01"]
[Result "1-0"]
[ICCResult "Black resigns"]
[WhiteElo "1669"]
[BlackElo "1307"]
[Opening "Ruy Lopez: old Steinitz defense"]
[ECO "C62"]
[NIC "RL.02"]
[Time "23:10:52"]
[TimeControl "180+2"]

1. e4 e5 2. Nf3 Nc6 3. Bb5 d6 4. O-O Bg4 5. h3 Bh5 6. c3 Nf6 7. Re1 Be7 8.
d4 exd4 9. cxd4 a6 10. Ba4 b5 11. Bb3 Na5 12. Bc2 O-O 13. Nc3 Re8 14. g4 Bg6
15. d5 Qd7 16. b4 Nc4 17. Bd3 h5 18. g5 Nh7 19. Kg2 Ne5 20. Nxe5 dxe5 21. h4
f6 22. Rg1 fxg5 23. hxg5 Nxg5 24. Bxg5 Bxg5 25. Qf3 Rf8 26. Qg3 Bh6 27. Qxg6
Rf6 28. Qxh5 Raf8 29. Raf1 c6 30. Be2 cxd5 31. Nxd5 R6f7 32. Bg4 Qc8 33.
Bxc8 {Black resigns} 1-0

[Event "ICC tourney 2171 (3 2)"]
[Site "Internet Chess Club"]
[Date "2020.12.04"]
[Round "6"]
[White "jaumevivesb"]
[Black "pmchess98"]
[Result "1-0"]
[ICCResult "Black forfeits on time"]
[WhiteElo "1283"]
[BlackElo "1398"]
[Opening "Scotch: Göring gambit"]
[ECO "C44"]
[NIC "SO.06"]
[Time "23:10:49"]
[TimeControl "180+2"]

1. e4 e5 2. Nf3 Nc6 3. d4 exd4 4. c3 d5 5. exd5 Qxd5 6. cxd4 Bb4+ 7. Nc3
Nge7 8. Be2 Nxd4 9. O-O Bxc3 10. bxc3 Nxe2+ 11. Qxe2 Be6 12. Rd1 Qh5 13. Ba3
Nc6 14. Rab1 Rb8 15. Qe4 {Black forfeits on time} 1-0

[Event "ICC tourney 2171 (3 2)"]
[Site "Internet Chess Club"]
[Date "2020.12.04"]
[Round "6"]
[White "avbhosale"]
[Black "Hamlett144"]
[Result "1-0"]
[ICCResult "Black resigns"]
[WhiteElo "1199"]
[BlackElo "1183"]
[Opening "Owen defense"]
[ECO "B00"]
[NIC "VO.01"]
[Time "23:10:56"]
[TimeControl "180+2"]

1. e4 b6 2. d4 Bb7 3. Nc3 e6 4. Bf4 Bb4 5. Bc4 Bxe4 6. Qe2 Bxc3+ 7. bxc3
Bxg2 8. Nf3 Bxh1 9. Bd5 Bxf3 10. Bxf3 c6 11. d5 cxd5 12. Bxd5 Nf6 13. Bxa8
O-O 14. Bf3 e5 15. Bxe5 Re8 16. O-O-O Nc6 17. Bxc6 Rxe5 18. Qxe5 Ng4 19.
Rxd7 Qf8 20. Qc7 Qa3+ 21. Kb1 h5 22. Rd8+ Kh7 23. Be4+ Kh6 24. Qf4+ g5 25.
Qxf7 {Black resigns} 1-0

[Event "ICC tourney 2171 (3 2)"]
[Site "Internet Chess Club"]
[Date "2020.12.04"]
[Round "6"]
[White "abelMZ084"]
[Black "TheChessShark"]
[Result "1-0"]
[ICCResult "Black resigns"]
[WhiteElo "1278"]
[BlackElo "1367"]
[Opening "Queen's bishop game"]
[ECO "D02"]
[NIC "QP.08"]
[Time "23:11:36"]
[TimeControl "180+2"]

1. d4 d5 2. Nf3 Nf6 3. Bf4 e6 4. e3 Bd6 5. Bxd6 cxd6 6. Bd3 O-O 7. Nbd2 Nc6
8. c3 e5 9. dxe5 dxe5 10. e4 Re8 11. O-O Bg4 12. h3 Bxf3 13. Qxf3 Qb6 14.
exd5 Ne7 15. c4 Qxb2 16. Ne4 Nxe4 17. Qxe4 Ng6 18. h4 Nf8 19. Rab1 Qxa2 20.
Rxb7 g6 21. Qf3 f5 22. Qe3 e4 23. Qh6 {Black resigns} 1-0

[Event "ICC tourney 2171 (3 2)"]
[Site "Internet Chess Club"]
[Date "2020.12.04"]
[Round "6"]
[White "stephenwilly"]
[Black "IshanVannadil"]
[Result "0-1"]
[ICCResult "White checkmated"]
[WhiteElo "1578"]
[BlackElo "1621"]
[Opening "Giuoco Piano: four knights variation"]
[ECO "C50"]
[NIC "IG.02"]
[Time "23:10:42"]
[TimeControl "180+2"]

1. e4 e5 2. Nf3 Nc6 3. Bc4 Bc5 4. Nc3 Nf6 5. a3 d6 6. d3 h6 7. h3 a5 8. Be3
Bxe3 9. fxe3 Be6 10. Bd5 Bxd5 11. Nxd5 Nxd5 12. exd5 Ne7 13. c4 c6 14. e4
Qb6 15. Qe2 Ng6 16. Rc1 Nf4 17. Qd2 Rc8 18. d4 cxd5 19. dxe5 dxe5 20. Nxe5
Qf6 21. O-O Nxh3+ 22. gxh3 Qxe5 23. cxd5 O-O 24. Qg2 Qd4+ 25. Kh1 Rc4 26.
Rxc4 Qxc4 27. Rg1 g6 28. e5 g5 29. Rf1 Re8 30. e6 fxe6 31. Qf3 Qxd5 32. Qxd5
exd5 33. Rd1 Rd8 34. Kg2 Kf7 35. Kf3 Ke6 36. Re1+ Kf5 37. Rd1 d4 38. Ke2 Ke4
39. Rd3 Rf8 40. Rd1 d3+ 41. Kd2 Rf2+ 42. Kc3 Rc2+ 43. Kb3 Ke3 44. a4 Ke2 45.
Rh1 Rc6 46. Rh2+ Kd1 47. Rh1+ Kd2 48. Rh2+ Ke3 49. Rh1 d2 50. Rf1 Rc1 51.
Rxc1 dxc1=Q 52. h4 g4 53. h5 Kd3 54. Ka3 Kc4 55. Ka2 g3 56. b3+ Kc3 57. b4
Qb2# {White checkmated} 0-1

[Event "ICC tourney 2171 (3 2)"]
[Site "Internet Chess Club"]
[Date "2020.12.04"]
[Round "6"]
[White "avocuddle"]
[Black "Drachekokosnuss"]
[Result "0-1"]
[ICCResult "White checkmated"]
[WhiteElo "1450"]
[BlackElo "1646"]
[Opening "King's Indian: Sämisch, 5...O-O"]
[ECO "E81"]
[NIC "KI.51"]
[Time "23:10:57"]
[TimeControl "180+2"]

1. d4 Nf6 2. c4 g6 3. f3 Bg7 4. e4 d6 5. Nc3 O-O 6. Bg5 Nbd7 7. Nh3 a6 8.
Qd2 c5 9. d5 b5 10. cxb5 Qb6 11. bxa6 Bxa6 12. Bxa6 Rxa6 13. O-O Rb8 14.
Rab1 Ne5 15. Kh1 Nc4 16. Qc2 h6 17. Bf4 Nh5 18. Na4 Qb4 19. b3 Na3 20. Qe2
Nxb1 21. Qxa6 Nxf4 22. Nxf4 Nd2 23. Rd1 c4 24. Ne2 cxb3 25. axb3 Nxb3 26.
Qa7 Rc8 27. Nb6 Rc2 28. Qa8+ Kh7 29. Ng3 Qxb6 30. Qa4 Qf2 31. Rg1 Nd4 32.
Qd7 Nxf3 33. Qxe7 Qxg1# {White checkmated} 0-1

[Event "ICC tourney 2171 (3 2)"]
[Site "Internet Chess Club"]
[Date "2020.12.04"]
[Round "6"]
[White "wildrumpus"]
[Black "akshajp"]
[Result "0-1"]
[ICCResult "White forfeits on time"]
[WhiteElo "1383"]
[BlackElo "1200"]
[Opening "Queen's pawn game"]
[ECO "D00"]
[NIC "QP.08"]
[Time "23:10:50"]
[TimeControl "180+2"]

1. d4 d5 2. e3 e6 3. Bd3 Nf6 4. Nd2 Bd6 5. f4 O-O 6. Ngf3 Ng4 7. Qe2 Nf6 8.
O-O c5 9. c3 c4 10. Bc2 Nc6 11. Ne5 Bxe5 12. fxe5 Nd7 13. Qh5 h6 14. Rf3 Qg5
15. Qh3 Qe7 16. Rg3 Kh8 17. Nf3 f6 18. Rg6 fxe5 19. Rxh6+ gxh6 20. Qxh6+ Kg8
21. Ng5 Nf6 22. Bd2 Qg7 23. Qxg7+ Kxg7 24. Rf1 e4 25. Ba4 Ne7 26. Nh3 Ng6
27. Be1 a6 28. Bd1 e5 29. Ng5 exd4 30. cxd4 Kh6 31. Nh3 Bxh3 32. gxh3 Rf7
33. Bb4 Rg8 34. Kh1 Nh4 35. Bg4 Nxg4 36. Rxf7 Nxe3 37. Rxb7 Nf3 38. Rb6+ Kh5
39. Rh6+ Kxh6 40. Bf8+ Rxf8 {White forfeits on time} 0-1

[Event "ICC tourney 2171 (3 2)"]
[Site "Internet Chess Club"]
[Date "2020.12.04"]
[Round "6"]
[White "DFKnights"]
[Black "SicilianEnding"]
[Result "1-0"]
[ICCResult "Black forfeits on time"]
[WhiteElo "1665"]
[BlackElo "1815"]
[Opening "Sicilian"]
[ECO "B50"]
[NIC "SI.01"]
[Time "23:10:49"]
[TimeControl "180+2"]

1. e4 c5 2. Nf3 d6 3. Bc4 Nf6 4. d3 e6 5. O-O Be7 6. Re1 O-O 7. c3 d5 8.
exd5 exd5 9. Bb3 Nc6 10. Bg5 Bg4 11. Nbd2 Re8 12. h3 Bh5 13. Ba4 Qd6 14.
Bxc6 bxc6 15. d4 Rab8 16. g4 Bg6 17. b3 cxd4 18. Nxd4 c5 19. Ne2 h5 20. Bf4
Qd7 21. g5 Ne4 22. Nxe4 Bxe4 23. Ng3 Rbd8 24. Qxh5 Bg6 25. Qf3 Qxh3 26. Qg2
Qg4 27. Ne2 Qf5 28. Be3 Bf8 29. Rad1 Qc2 30. Rd2 Qe4 31. Nf4 Qxg2+ 32. Nxg2
d4 33. cxd4 cxd4 34. Rxd4 Rxd4 35. Bxd4 Rxe1+ 36. Nxe1 Bb1 37. a4 Ba2 38.
Bxa7 Bxb3 39. Nf3 Bxa4 40. Be3 Be7 41. Ne5 Kf8 42. Kh2 Bb5 43. f4 Bd6 44.
Bd4 Ke7 45. Kg3 f6 46. gxf6+ gxf6 47. Ng4 {Black forfeits on time} 1-0

[Event "ICC tourney 2171 (3 2)"]
[Site "Internet Chess Club"]
[Date "2020.12.04"]
[Round "6"]
[White "hggonzalezzss"]
[Black "BreatheChessAls"]
[Result "1-0"]
[ICCResult "Black forfeits on time"]
[WhiteElo "1517"]
[BlackElo "1665"]
[Opening "Sicilian: Labourdonnais-Löwenthal (Kalashnikov) variation"]
[ECO "B32"]
[NIC "SI.32"]
[Time "23:10:43"]
[TimeControl "180+2"]

1. e4 c5 2. Nf3 Nc6 3. d4 cxd4 4. Nxd4 e5 5. Nb5 d6 6. c4 Be7 7. N1c3 a6 8.
Na3 f5 9. Be2 Nf6 10. f3 O-O 11. O-O f4 12. Nd5 Nxd5 13. cxd5 Nd4 14. Nc2
Nxe2+ 15. Qxe2 Rf6 16. Kh1 Rh6 17. g3 Bh3 18. Rg1 Rg6 19. gxf4 Rxg1+ 20.
Kxg1 Bh4 21. f5 Rc8 22. Be3 Bg5 23. Ne1 Bf4 24. Bxf4 exf4 25. Nd3 Qg5+ 26.
Kh1 Re8 27. Rg1 Qh6 28. Qd2 Rc8 29. Qxf4 Qh5 30. f6 Rc2 31. f7+ Kf8 32. Rxg7
Rxh2+ 33. Kg1 Rh1+ 34. Kf2 {Black forfeits on time} 1-0

[Event "ICC tourney 2171 (3 2)"]
[Site "Internet Chess Club"]
[Date "2020.12.04"]
[Round "6"]
[White "Sricharan07"]
[Black "Aleksandrov73"]
[Result "0-1"]
[ICCResult "White resigns"]
[WhiteElo "1537"]
[BlackElo "2184"]
[Opening "Ruy Lopez: closed, Chigorin, 12...c5d4"]
[ECO "C99"]
[NIC "RL.24"]
[Time "23:10:51"]
[TimeControl "180+2"]

1. e4 e5 2. Nf3 Nc6 3. Bb5 a6 4. Ba4 Nf6 5. O-O Be7 6. Re1 b5 7. Bb3 d6 8.
c3 O-O 9. h3 Na5 10. Bc2 c5 11. d4 Qc7 12. Nbd2 cxd4 13. cxd4 Rd8 14. d5 Bd7
15. Bd3 Rdc8 16. Nf1 Nb7 17. Be3 Qb8 18. Rc1 Nc5 19. Bxc5 Rxc5 20. Rxc5 dxc5
21. Ne3 c4 22. Bc2 g6 23. Qd2 a5 24. a3 Bd6 25. Nf1 b4 26. Qe3 Qa7 27. Qg5
Ne8 28. Ne3 f6 29. Qg3 Rc8 30. Nh4 Ng7 31. Qf3 Nh5 32. Ng4 Kg7 33. g3 c3 34.
bxc3 Rxc3 35. Ne3 Rxa3 36. Qe2 Bc5 37. Kg2 Bxe3 38. fxe3 Ra2 39. Qd3 Qc5 40.
Re2 Bb5 {White resigns} 0-1

[Event "ICC tourney 2171 (3 2)"]
[Site "Internet Chess Club"]
[Date "2020.12.04"]
[Round "6"]
[White "Shakhmatova"]
[Black "ConnorGo"]
[Result "1-0"]
[ICCResult "Black resigns"]
[WhiteElo "1563"]
[BlackElo "1291"]
[Opening "Caro-Kann defense"]
[ECO "B12"]
[NIC "CK.02"]
[Time "23:10:49"]
[TimeControl "180+2"]

1. e4 c6 2. d4 d5 3. Bd3 g6 4. Ne2 Bg7 5. e5 b6 6. c3 c5 7. Be3 c4 8. Bc2
Bg4 9. f3 Be6 10. O-O Nh6 11. g4 O-O 12. Ng3 Kh8 13. Qc1 Ng8 14. g5 Bh3 15.
Rf2 f6 16. gxf6 exf6 17. f4 f5 18. Nd2 Bg4 19. Nf3 h6 20. Kg2 Nd7 21. Ng1
Rf7 22. h3 Bh5 23. Nxh5 gxh5 24. Nf3 Nf8 25. Kh2 Ne6 26. Qg1 Ne7 27. Nh4 Qd7
28. Rg2 Rg8 29. Qf2 Bf8 30. Rag1 Rfg7 31. Rxg7 Rxg7 32. Rxg7 Nxg7 33. Qf3
Qd8 34. Qg3 Kh7 35. b3 Qc8 36. bxc4 Qxc4 37. Bc1 Qxa2 38. Qf2 Qc4 39. Bb2
Ng6 40. Nxf5 Nxf5 41. Bxf5 Kg7 42. Qg2 Qc6 43. c4 Qe8 44. cxd5 Kh7 45. d6
Bxd6 46. exd6 Qf7 47. Bxg6+ Qxg6 48. Qxg6+ Kxg6 49. d7 {Black resigns} 1-0

[Event "ICC tourney 2171 (3 2)"]
[Site "Internet Chess Club"]
[Date "2020.12.04"]
[Round "6"]
[White "blackjack721"]
[Black "chessfidebullet"]
[Result "0-1"]
[ICCResult "White resigns"]
[WhiteElo "1211"]
[BlackElo "1084"]
[Opening "Old Indian defense"]
[ECO "A42"]
[NIC "OI.07"]
[Time "23:10:40"]
[TimeControl "180+2"]

1. d4 d6 2. c4 e5 3. d5 Nf6 4. Nc3 Bf5 5. Bg5 Nbd7 6. Qb3 Rb8 7. e3 Be7 8.
Be2 O-O 9. h3 h6 10. Bh4 a6 11. g4 Bh7 12. Nf3 Nc5 13. Qd1 c6 14. g5 Nfe4
15. Nxe4 Nxe4 16. Bd3 Nxg5 17. Bxg5 Bxg5 18. Bxh7+ Kxh7 19. Qd3+ f5 20.
Nxg5+ Qxg5 21. O-O-O Kg8 22. f4 exf4 23. h4 Qg4 24. Rdg1 Qf3 25. Qd4 Qxe3+
26. Qxe3 fxe3 27. Rh3 f4 28. h5 Rbe8 29. Rf3 e2 30. Re1 g5 31. hxg6 Kg7 32.
Kd2 Kxg6 33. Rxe2 Rxe2+ 34. Kxe2 Kg5 35. Kf2 cxd5 36. cxd5 Rf5 37. Rd3 h5
38. b4 b5 39. a3 Kg4 40. Rd4 h4 41. Rd1 h3 42. Kg1 f3 43. Kh2 Rf4 44. Rg1+
Kh4 45. Rf1 Kg4 46. Rg1+ Kf5 47. Kxh3 Ke4 48. Kg3 Kf5 49. Rf1 Rg4+ 50. Kxf3
Rf4+ 51. Ke2 Rxf1 52. Kxf1 Ke5 53. Ke2 Kxd5 54. Kd2 Kc4 55. Kc2 d5 56. Kb2
d4 57. Kc2 d3+ 58. Kb2 Kd4 59. Kb3 Ke3 60. a4 bxa4+ 61. Kxa4 d2 62. Ka5 d1=Q
63. Kxa6 Qa4+ 64. Kb6 Qxb4+ 65. Kc6 Kd4 {White resigns} 0-1

[Event "ICC tourney 2171 (3 2)"]
[Site "Internet Chess Club"]
[Date "2020.12.04"]
[Round "6"]
[White "Averyyu321"]
[Black "A4-H5"]
[Result "0-1"]
[ICCResult "White checkmated"]
[WhiteElo "1416"]
[BlackElo "1794"]
[Opening "Sicilian: Nimzovich-Rubinstein variation"]
[ECO "B29"]
[NIC "SI.43"]
[Time "23:10:44"]
[TimeControl "180+2"]

1. e4 c5 2. Nf3 Nf6 3. d3 d5 4. Nbd2 Nc6 5. g3 Bg4 6. Bg2 dxe4 7. dxe4 Nd4
8. e5 Nd7 9. h3 Nxf3+ 10. Nxf3 Bxf3 11. Bxf3 Qc7 12. Bf4 e6 13. O-O Be7 14.
Re1 O-O 15. Qd3 c4 16. Qe4 Rab8 17. c3 b5 18. Rad1 Nc5 19. Qc2 Nd3 20. Re3
Bc5 21. Re2 Nxf4 22. gxf4 Qe7 23. Kh2 Qh4 24. Qd2 Rbd8 25. Qc2 Qxf4+ 26. Kg2
Rxd1 27. Qxd1 Qg5+ 28. Kf1 Qh4 29. Kg2 Qg5+ 30. Kh2 h5 31. Re4 Bxf2 32. Qf1
Qg3+ 33. Kh1 Qxf3+ 34. Kh2 Bg3+ 35. Kg1 Qxe4 36. Qg2 Qe1+ 37. Qf1 Bf2+ 38.
Kg2 Qxf1+ 39. Kxf1 Bg3 40. Kg2 Bxe5 41. Kf3 f5 42. Ke3 Rd8 43. Kf3 g5 44.
Ke3 Rd3+ 45. Ke2 Rxh3 46. b3 Bxc3 47. bxc4 bxc4 48. a4 a5 49. Kf2 Bd4+ 50.
Kg2 Ra3 51. Kf1 Rxa4 52. Kg2 Ra3 53. Kf1 Ra2 54. Ke1 Bc5 55. Kf1 c3 56. Ke1
Bb4 57. Kf1 c2 58. Ke2 c1=Q+ 59. Kf3 Qf4# {White checkmated} 0-1